cohdb
Replays
Latest Replays
All Replays
Popular Replays
Top Player Replays
Match Explorer
How It Works
Community
CoH3 Stats
Reddit
Sign in to upload your games and track your stats! →
Sign in with Steam
Match 45867981
Unlisted
Match 45867981
Overview
Messages
Build Orders
End
Kradschützen Motorcycle Team
Selects Italian Combined Arms Battlegroup
Selects Bersaglieri Squad
Bersaglieri Squad
Bersaglieri Squad
Construct Light Support Kompanie
Bersaglieri Squad
Fire Support Elements
Veteran Squad Leaders
Flakvierling Half-track
Vehicle Survival Package
Selects Semovente da 75/18 Assault Gun
Semovente da 75/18 Assault Gun
Selects Carro Armato M13/40 Light Tank
Carro Armato M13/40 Light Tank
Tungsten Core Ammunition
Carro Armato M13/40 Light Tank
Selects Artillery Cover
Construct Panzerarmee Kommand
2.5-tonne Medical Truck
Artillery Cover
Panzer III L Medium Tank
Emergency Repair Kits
Selects Bersaglieri Bolster
Selects Breda Model 30 Light Machine Guns
Panzer III L Medium Tank
Rapid Advance
Glasnost
a1m$k3
Oncle-Hô
Lucky-Noob
德意志第三军团
ElakeFisk
Ryan
오렌지플래닛
0
0
Comments
sign in to comment!
No comments posted yet!